 Dungeon Crawl Stone Soup version 0.31-a0-204-g7da18cac08 (webtiles) character file.

Game seed: 2868945806958875449

176 kae the Changer (level 5, 0/40 HPs)
             Began as a Draconian Transmuter on June 27, 2023.
             Slain by a gnoll
             ... wielding a +0 flail
              (5 damage)
             ... on level 4 of the Dungeon.
             The game lasted 00:03:09 (2729 turns).

kae the Changer (Draconian Transmuter)              Turns: 2729, Time: 00:03:10

Health: 0/40       AC:  5    Str: 12    XL:     5   Next: 30%
Magic:  7/9        EV:  6    Int: 16    God:
Gold:   197        SH:  0    Dex: 11    Spells: 0/10 levels left

rFire   . .          .
                       - Unarmed
rCold   . . .        (no shield)
rNeg    . . .        (body armour unavailable)
rPois   .            (helmet restricted)
rElec   .            (no cloak)
rCorr   .            (no gloves)
SInv    .            (no boots)
Will    +....        (no amulet)
Stlth   +            i - ring of willpower
HPRegen 0.26/turn    (no ring)
MPRegen 0.11/turn

%: no passive effects
@: held
A: AC +5, unfitting armour, cold-blooded
a: no special abilities


You were on level 4 of the Dungeon.
You visited 1 branch of the dungeon, and saw 4 of its levels.
You also visited: Sewer.

You collected 197 gold pieces.


Innate Abilities, Weirdness & Mutations

Your plain brown scales are hard. (AC +5)
You cannot fit into any form of body armour.
You are cold-blooded and may be slowed by cold attacks.


   Skills:
 - Level 1.1 Fighting
 - Level 1.7 Dodging
 - Level 3.0 Unarmed Combat
 - Level 3.0 Spellcasting
 * Level 4.2 Transmutations
 * Level 0.8 Ice Magic
 - Level 2.0 Poison Magic


You couldn't memorise any spells.
You knew the following spells:

 Your Spells              Type           Power      Damage    Failure   Level
a - Beastly Appendage     Tmut           32%        N/A       3%          1
b - Wereblood             Tmut           16%        N/A       4%          2
c - Spider Form           Tmut/Pois      12%        N/A       16%         3
d - Ice Form              Ice/Tmut       10%        N/A       54%         4

Your spell library contained the following spells:

 Spells                   Type           Power      Damage    Failure   Level
 Kiss of Death            Conj/Necr      8%         2d6       19%         1
 Shock                    Conj/Air       8%         1d3       19%         1
 Ignite Poison            Fire/Tmut/Pois 9%         N/A       24%         3
 Eringya's Noxious Bog    Tmut/Pois      6%         N/A       100%        6

Inventory:

Missiles
 c - 44 stones
 f - 7 boomerangs
 k - 5 javelins
 q - 6 poisoned darts
Jewellery
 i - a ring of willpower (left hand)
   (You found it on level 2 of the Dungeon)
 W - a ring of magical power
   (You found it on level 3 of the Dungeon)
Scrolls
 h - a scroll of enchant weapon
 j - 3 scrolls of fog
 m - 2 scrolls of blinking {!r}
 n - 3 scrolls of teleportation {@r4}
 o - 2 scrolls of enchant armour
Potions
 a - a potion of lignification {!q}
 b - a potion of degeneration {unknown}
 d - 2 potions of mutation {!q}
 e - a potion of magic
 g - 2 potions of brilliance
 l - a potion of invisibility
 p - 2 potions of might

Dungeon Overview and Level Annotations

Branches:
Dungeon (4/15) Zot: 21518   Sewer (visited)
 Temple: D:4-7

Altars:
Elyvilon
Fedhas

############### ##....#########
##.##.#########
###############.##.#########****
#...............#....######.,,,,
#...............####.######.,,,,
#...............####.######.,,,,
#.............g@....<.....+.,,,,
##...).........†.###########.,,,,
.............gg..............,,,,
##..............#.....#####..,,,,
##.....#g....###<...<+..##..,,,,
#.#####.#.#.###.....##.....,,,,
###+#####.#.......##########.,,,,
........gg###############....,,..
......[......gg.g,,,,,* *,,,,,,).


You could see 4 gnolls.


Message History

c - 37 stones (gained 6)
A hound is nearby! 😎 MP[+1]
Your mp is fully restored (9).
A hound is nearby!
A hound is nearby!
Casting: Beastly Appendage (safe; 3% risk of failure)
Confirm with . or Enter, or press ? or * to list all spells.
You grow a pair of large bovine horns.
Your feet morph into talons. 😎 MP[-1]
You lost 1 mp, and now have 8/9 mp.
You hit the hound but do no damage. You headbutt the hound.
The hound closely misses you.
A hound is nearby!
You miss the hound.
You tail-slap the hound, but do no damage.
The hound closely misses you. The hound bites you.
You closely miss the hound. Your headbutt misses the hound.
You tail-slap the hound. The hound barely misses you. 😕 HP[-3]
You take 3 damage, and now have 37/40 hp.
A hound is nearby!
You miss the hound. Your kick misses the hound. The hound barely misses you. x2
You hit the hound. Your kick misses the hound.
You tail-slap the hound, but do no damage.
The hound closely misses you.
A hound is nearby!
A hound is nearby!
Unknown command.
A hound is nearby!
You closely miss the hound. You claw the hound, but do no damage.
Your tail-slap misses the hound.
The hound closely misses you. The hound misses you.
You hit the hound but do no damage. You claw the hound.
The hound bites you but does no damage. 😕 HP[+1] MP[+1]
Your mp is fully restored (9).
A hound is nearby!
You hit the hound.
You kill the hound!
No target in view!
Your transformation is almost over.
Your horns disappear.
Your talons disappear.
c - 44 stones (gained 7) 4 gnolls come into view.
The gnoll shouts! 😎 HP[+2]
Your hp is fully restored (40).
There are monsters nearby!
There are monsters nearby!
Unknown command.
There are monsters nearby!
There are monsters nearby!
The gnoll throws a throwing net.
The throwing net hits you.
You become entangled in the net!
You see here a throwing net {=f!f}.
Casting: Beastly Appendage (safe; 3% risk of failure)
Confirm with . or Enter, or press ? or * to list all spells.
You turn into a venomous arachnid creature. 😎 MP[-3]
You lost 3 mp, and now have 6/9 mp.
Unknown command.
You struggle against the net.
The gnoll misses you.
Unknown command.
You tear a large gash into the net.
The gnoll hits you with a +0 club. 😕 HP[-4]
You take 4 damage, and now have 36/40 hp.
You shred the net and break free!
The gnoll hits you from afar with a +0 halberd!
The gnoll closely misses you. 😮 HP[-7]
You take 7 damage, and now have 29/40 hp.
You hit the gnoll.
The gnoll is poisoned.
The gnoll hits you from afar with a +0 halberd!
* * * LOW HITPOINT WARNING * * *
The gnoll hits you with a +0 club.
* * * LOW HITPOINT WARNING * * *
😱 HP[-20]
You take 20 damage, and now have 9/40 hp.
MASSIVE DAMAGE!! (PAUSE) Unknown command.
Your transformation is almost over. 😱 HP[+1] MP[+1]
You see here a hound corpse. 😨 HP[+1]
The gnoll looks more healthy.
The gnoll throws a throwing net.
The throwing net hits you.
You become entangled in the net!
You see here a throwing net {=f!f}.
You struggle against the net.
You struggle against the net.
The gnoll closely misses you.
You struggle against the net.
The gnoll barely misses you. 😨 HP[+1] Unknown command.
You struggle against the net.
Your transformation has ended.
The gnoll hits you from afar with a +0 halberd!
* * * LOW HITPOINT WARNING * * *
The gnoll hits you with a +0 flail.
You die...

Skill      XL: |  1  2  3  4 |
---------------+-------------+-----
Transmutations | 3 4 |  4.2
Poison Magic   | 1 2 |  2.0
Spellcasting   | 3 |  3.0
Fighting       | |  1.1
Dodging        | |  1.7
Unarmed Combat | |  3.0
Ice Magic      | |  0.8

Action                     |  1- 3 |  4- 6 || total
---------------------------+-------+-------++-------
  Melee: Unarmed           |    92 |    73 ||   165
         Kick              |    20 |     9 ||    29
         Headbutt          |     8 |     4 ||    12
         Tailslap          |     7 |     7 ||    14
         Punch             |     1 |       ||     1
   Cast: Beastly Appendage |    15 |     6 ||    21
         Wereblood         |     1 |     3 ||     4
         Spider Form       |       |     6 ||     6
    Use: Scroll            |    10 |     1 ||    11
         Potion            |     3 |       ||     3
   Stab: Sleeping          |     1 |       ||     1
 Armour: Skin              |    17 |    10 ||    27
  Dodge: Dodged            |    55 |    49 ||   104

Levels and vault maps discovered:
D:1:      grunt_arrival_lava_bath, layout_loops_ring
D:2:      kennysheep_the_goblin_king, layout_basic
D:3:      layout_basic, lemuel_tele_altar, fedhas_altar_fruit_tree,
          serial_rivers, chequers_serial_rivers_micro_b,
          chequers_serial_rivers_micro_e, chequers_serial_rivers_small_a,
          chequers_serial_rivers_micro_a, chequers_serial_rivers_small_3
D:4:      layout_basic, lemuel_crystal_altar, portal_sewer_entry_e, minivault_4

Notes
Turn   | Place    | Note
-------+----------+-------------------------------------------
     0 | D:1      | kae the Draconian Transmuter began the quest for the Orb.
     0 | D:1      | Reached XP level 1. HP: 16/16 MP: 3/3
     0 | D:1      | magus.rc [v1.11.3]
   250 | D:1      | Reached XP level 2. HP: 23/23 MP: 5/5
   834 | D:2      | Learned a level 2 spell: Wereblood
   841 | D:2      | Reached skill level 3 in Transmutations
   894 | D:2      | You add the spells Shock, Kiss of Death, Ignite Poison and
                  | Eringya's Noxious Bog to your library.
   894 | D:2      | Got the Vademecum on Filthy Concussion
  1095 | D:2      | Reached XP level 3. HP: 28/28 MP: 4/6
  1099 | D:2      | Learned a level 3 spell: Spider Form
  1533 | D:3      | HP: 6/28 [poisoned by an adder]
  1534 | D:3      | Reached skill level 1 in Poison Magic
  1807 | D:3      | Found a white marble altar of Elyvilon.
  1908 | D:3      | Found a blossoming altar of Fedhas.
  2136 | D:4      | Reached XP level 4. HP: 26/35 MP: 8/8
  2251 | D:4      | Found a glowing drain.
  2268 | Sewer    | Entered a sewer
  2298 | Sewer    | Reached skill level 2 in Poison Magic
  2458 | Sewer    | Reached skill level 3 in Spellcasting
  2458 | Sewer    | Reached skill level 4 in Transmutations
  2458 | Sewer    | Reached XP level 5. HP: 30/40 MP: 4/9
  2525 | D:4      | Learned a level 4 spell: Ice Form
  2718 | D:4      | HP: 9/40 [gnoll/+0 club (3)]
  2729 | D:4      | HP: 5/40 [gnoll/+0 halberd (7)]
  2729 | D:4      | Slain by a gnoll

Vanquished Creatures
  A hound (D:4)
  A hell rat (Sewer)
  4 river rats
  2 adders
  2 worms (D:4)
  3 dart slugs (D:2)
  2 orcs
  2 bats (D:1)
  3 endoplasms
  A giant cockroach (D:3)
  7 goblins
  8 hobgoblins
  2 jackals (D:4)
  5 kobolds (D:1)
  2 quokkas
  A frilled lizard (D:2)
  13 rats
59 creatures vanquished.

Table legend:
 A = Non-vault XP
 B = Vault XP
 C = Vault XP percentage of total XP
 D = Non-vault monster count
 E = Vault monster count
 F = Vault count percentage of total count
                 A         B        C        D         E       F
            +---------+---------+-------+---------+---------+-------
      Total |     135 |     117 |  46.4 |      34 |      25 |  42.4
            +---------+---------+-------+---------+---------+-------
        D:1 |      18 |       0 |   0.0 |      10 |       0 |   0.0
        D:2 |      32 |      13 |  28.9 |       8 |       7 |  46.7
        D:3 |      27 |       0 |   0.0 |       8 |       0 |   0.0
        D:4 |      58 |      37 |  38.9 |       8 |       8 |  50.0
      Sewer |       0 |      67 | 100.0 |       0 |      10 | 100.0
            +---------+---------+-------+---------+---------+-------

Skill      XL: |  1  2  3  4 |
---------------+-------------+-----
Transmutations | 3 4 |  4.2
Poison Magic   | 1 2 |  2.0
Spellcasting   | 3 |  3.0
Fighting       | |  1.1
Dodging        | |  1.7
Unarmed Combat | |  3.0
Ice Magic      | |  0.8

Action                     |  1- 3 |  4- 6 || total
---------------------------+-------+-------++-------
  Melee: Unarmed           |    92 |    73 ||   165
         Kick              |    20 |     9 ||    29
         Headbutt          |     8 |     4 ||    12
         Tailslap          |     7 |     7 ||    14
         Punch             |     1 |       ||     1
   Cast: Beastly Appendage |    15 |     6 ||    21
         Wereblood         |     1 |     3 ||     4
         Spider Form       |       |     6 ||     6
    Use: Scroll            |    10 |     1 ||    11
         Potion            |     3 |       ||     3
   Stab: Sleeping          |     1 |       ||     1
 Armour: Skin              |    17 |    10 ||    27
  Dodge: Dodged            |    55 |    49 ||   104

Illustrated notes

Table legend:
 A = Kills in this place as a percentage of kills in the entire game.
 B = Kills by you in this place as a percentage of kills by you in the entire game.
 C = Kills by friends in this place as a percentage of kills by friends in the entire game.
 D = Other kills in this place as a percentage of other kills in the entire game.
 E = Experience gained in this place as a percentage of experience gained in the entire game.
 F = Experience gained in this place divided by the number of levels of this place that you have seen.
                   A       B       C       D       E      F
               +-------+-------+-------+-------+-------+----------------------
         Total | 100.0 | 100.0 |   N/A |   N/A | 100.0 |  50.4
       Dungeon |  83.1 |  83.1 |   N/A |   N/A |  73.4 |  46.2
         Sewer |  16.9 |  16.9 |   N/A |   N/A |  26.6 |  67.0
               +-------+-------+-------+-------+-------+----------------------

Table legend: (Time is in decaauts)
 A = Elapsed time spent in this place.
 B = Non-inter-level travel time spent in this place.
 C = Inter-level travel time spent in this place.
 D = Time resting spent in this place.
 E = Time spent auto-exploring this place.
 F = Levels seen in this place.
 G = Mean time per level.
                   A        B        C        D        E       F      G
               +--------+--------+--------+--------+--------+-----+--------+
         Total |   2738 |   2607 |    131 |     81 |   2029 |   5 |  547.6 |
       Dungeon |   2480 |   2349 |    131 |      0 |   1950 |   4 |  620.0 |
         Sewer |    257 |    257 |      0 |     81 |     79 |   1 |  257.0 |
               +--------+--------+--------+--------+--------+-----+--------+

Top non-repeatable levels by time:
     D:3: 753 daAuts
     D:2: 685 daAuts
     D:1: 676 daAuts
     D:4: 365 daAuts
   Sewer: 257 daAuts
